 Dungeon Crawl Stone Soup version 0.29.0-11-gd7f09526c8 (webtiles) character file.

Game seed: 4176182588679588076

116 Destapler the Cudgeller (level 4, -17/45 HPs)
             Began as a Troll Berserker on Sept 3, 2022.
             Was a Believer of Trog.
             Killed by an exploding orc wizard (22 damage)
             ... ignited by their inner flame
             ... on level 3 of the Dungeon.
             The game lasted 00:03:23 (1507 turns).

Destapler the Cudgeller (Troll Berserker)           Turns: 1507, Time: 00:03:25

Health: -17/45     AC:  5    Str: 26    XL:     4   Next: 69%
Magic:  3/3        EV: 10    Int:  2    God:    Trog [**....]
Gold:   133        SH:  0    Dex: 13    Spells: 3/3 levels left

rFire   . . .      SeeInvis .   a - +0 flail
rCold   . . .      Faith    .   (no shield)
rNeg    + . .      Spirit   .   b - +0 animal skin
rPois   .          Reflect  .   (helmet restricted)
rElec   .          Harm     .   n - +0 cloak
rCorr   .          Rampage  .   (gloves unavailable)
Will    .....      Clarity  +   (boots unavailable)
Stlth   +.........              (no amulet)
HPRegen 1.75/turn               h - ring of positive energy
MPRegen 0.08/turn               (no ring)

@: weak-willed, on berserk cooldown, slowed, very slow
A: large, unfitting armour, claws 3, regeneration 2, shaggy fur 1, tough skin 1,
agile 1, clarity
a: Renounce Religion, Berserk, Trog's Hand


You were on level 3 of the Dungeon.
You worshipped Trog.
Trog was pleased with you.
You visited 1 branch of the dungeon, and saw 3 of its levels.

You collected 133 gold pieces.

Inventory:

Hand Weapons
 a - a +0 flail (weapon)
 m - a +0 mace
Missiles
 e - a throwing net (quivered)
 f - 5 poisoned darts
Armour
 b - a +0 animal skin (worn)
 n - a +0 cloak (worn)
Jewellery
 h - a ring of positive energy (left claw)
 l - a ring of magical power
Scrolls
 c - a scroll of vulnerability
 j - a scroll of enchant armour {unknown}
 k - 2 scrolls of torment


   Skills:
 + Level 3.2 Fighting
 + Level 3.6 Maces & Flails
 + Level 3.2 Dodging


You had 3 spell levels left.
You didn't know any spells.
Your spell library contained the following spells:

 Spells                   Type           Power      Damage    Failure   Level
 Frozen Ramparts          Ice            0%         1d1       89%         3
 Ice Form                 Ice/Tmut       0%         N/A       100%        4
 Summon Ice Beast         Ice/Summ       0%         N/A       100%        4


Dungeon Overview and Level Annotations

Branches:
Dungeon (3/15)

Altars:
Elyvilon

Shops:
D:2 ?


Innate Abilities, Weirdness & Mutations

You are too large for most types of armour.
You have claws for hands.
You heal very quickly.
You are covered in fur. (AC +1)
You have tough skin. (AC +1)
You are agile. (Dex +4, Str/Int -1)
You possess an exceptional clarity of mind.


Message History

As you read the scroll labelled JOUSHROTOEFF, it crumbles to dust.
Magic quickly surges around you.
It was a scroll of vulnerability.
Something hits you but does no damage. The orc hits you with a +0 club.
* * * LOW HITPOINT WARNING * * *
The orc misses you. Something hits you.
* * * LOW HITPOINT WARNING * * *
As you read the scroll labelled SATYGG TIEQA, it crumbles to dust.
The creatures around you are filled with an inner flame!
It was a scroll of immolation.
You hear some strange, mumbled words.
You feel momentarily confused. The orc barely misses you.
As you read the scroll labelled HOGRUO XYRPHUE, it crumbles to dust.
You feel aware of your surroundings.
It was a scroll of magic mapping.
Something hits you.
* * * LOW HITPOINT WARNING * * *
You hear some strange, mumbled words.
The orc barely misses you. The orc hits you with a +0 club.
* * * LOW HITPOINT WARNING * * *
Something hits you but does no damage.
A magic dart appears from out of thin air!
The magic dart hits something.
Flame seeps out of something.
As you read the scroll labelled BYFAWU LETZE, it crumbles to dust.
You feel a surge of unholy energy.
The orc convulses!
Flame seeps out of the orc.
Something is bathed in an unholy light!
Flame seeps out of something.
The orc convulses!
Flame seeps out of the orc.
It was a scroll of torment.
Trog accepts your kill.
Trog appreciates your killing of a magic user.
Reactivating autopickup.
You feel a bit more experienced.
The orc wizard explodes!
The fiery explosion engulfs the orc!!
Trog accepts your kill. x2
You feel a bit more experienced.
The fiery explosion engulfs something!!
Trog accepts your kill.
Trog appreciates your killing of a magic user.
You feel a bit more experienced.
The fiery explosion engulfs the orc!!!
Trog accepts your kill. The fiery explosion engulfs you!!
You die...

*,,,....,,* #...............#
*,,.....).#######..######.##.#
*,,.......+...............##.#
*,,.......######.########.##.#
*,,o......* ##...##......†.).
*,,.......####.....##........#
*,,.......'○#§......#.....####
*,,.......#○°○.._.....#####
******#..wo.#@......###
*,,......#####.....##*
**,,.....*****##...##,*
***,,,....,,,,,,,##.##*,*
,,,,,,...,,*****,*#.# *,*
,,,,,,..,,,* *,*#.#**+********
,,,,,,#***,* *,**..,,,,,,,,,,*
,,,,,,* *,* *,***,,,,,,,,,,,*
,,,,,,****,*****,*
*,,,,,,,,,,,##


There were no monsters in sight!

Vanquished Creatures
  Crazy Yiuf (D:2)
  2 orc wizards (D:3)
  An adder (D:2)
  3 gnolls (D:2)
  3 worms
  2 dart slugs (D:1)
  2 orcs (D:3)
  3 endoplasms
  3 giant cockroaches (D:1)
  2 goblins (D:1)
  A hobgoblin (D:1)
  5 kobolds
  A quokka (D:1)
  6 ball pythons
  3 bats
  4 frilled lizards
  4 rats
46 creatures vanquished.

Notes
Turn   | Place    | Note
-------+----------+-------------------------------------------
     0 | D:1      | Destapler the Troll Berserker began the quest for the Orb.
     0 | D:1      | Reached XP level 1. HP: 22/22 MP: 0/0
    40 | D:1      | Reached XP level 2. HP: 21/29 MP: 1/1
   167 | D:1      | Found a faded altar of an unknown god.
   250 | D:1      | Reached ** piety under Trog
   251 | D:1      | Reached XP level 3. HP: 36/36 MP: 2/2
   531 | D:2      | Found Ywunweli's Magic Scroll Shop.
   933 | D:2      | Reached XP level 4. HP: 42/45 MP: 3/3
  1218 | D:2      | Found a runed translucent door.
  1219 | D:2      | Noticed Crazy Yiuf
  1273 | D:2      | Killed Crazy Yiuf
  1462 | D:3      | Found a white marble altar of Elyvilon.
  1499 | D:3      | HP: 1/67 [orc/+0 club (3)]
  1503 | D:3      | Gained mutation: You heal very quickly. [potion of
                  | mutation]
  1503 | D:3      | Gained mutation: You are agile. (Dex +4, Str/Int -1)
                  | [potion of mutation]
  1503 | D:3      | Gained mutation: You possess an exceptional clarity of
                  | mind. [potion of mutation]
  1506 | D:3      | HP: 2/45 [orc/+0 club (4)]
  1507 | D:3      | Killed by an exploding orc wizard... ignited by their inner
                  | flame

Illustrated notes

Levels and vault maps discovered:
D:1:      dpeg_arrival_shelter, layout_rooms, basic_ecumenical_altar
D:2:      layout_loops_ring, serial_shops, nicolae_square_shop,
          uniq_crazy_yiuf_cottage
D:3:      layout_basic, lemuel_round_altar, minmay_unequal

Skill      XL: |  1  2  3 |
---------------+----------+-----
Maces & Flails | 3 |  3.6
Fighting       | 3 |  3.2
Dodging        | 3 |  3.2

Action                   |  1- 3 |  4- 6 || total
-------------------------+-------+-------++-------
Melee: Mace              |    94 |     8 ||   102
       Punch             |     1 |     1 ||     2
       Flail             |       |    28 ||    28
Invok: Berserk           |     3 |     2 ||     5
  Use: Scroll            |       |     4 ||     4
       Potion            |       |     1 ||     1
 Stab: Sleeping          |     1 |       ||     1
Armor: Animal skin       |    31 |    21 ||    52
Dodge: Dodged            |    53 |    24 ||    77
